 Dungeon Crawl Stone Soup version 0.22-a0-21-g9421e3f (webtiles) character file.

3199 theanonym the Slicer (level 9, -3/43 HPs)
             Began as a Spriggan Enchanter on Jan 2, 2018.
             Was an Initiate of Gozag.
             Slain by a two-headed ogre
             ... wielding a +0 giant club
              (20 damage)
             ... on level 8 of the Dungeon.
             The game lasted 00:33:03 (10387 turns).

theanonym the Slicer (Spriggan Enchanter)          Turns: 10387, Time: 00:33:05

Health: -3/43      AC:  3    Str:  4    XL:     9   Next: 64%
Magic:  7/17       EV: 18    Int: 19    God:    Gozag
Gold:   1095       SH:  0    Dex: 17    Spells: 7/18 levels left

rFire    + . .     SeeInvis +   g - +3 short sword (speed)
rCold    + . .     Gourm    .   (shield restricted)
rNeg     . . .     Faith    .   k - +0 robe {rC+ rF+} {0}
rPois    .         Spirit   .   (helmet restricted)
rElec    .         Reflect  .   s - +0 cloak
rCorr    .         Harm     .   (gloves unavailable)
MR       +....                  (boots unavailable)
Stlth    +++++.....             E - amulet of rage {+Rage}
HPRegen  0.14/turn              (no ring)
MPRegen  0.15/turn              (no ring)

@: gold aura, very slightly contaminated, very quick
A: very small, unfitting armour, see invisible, herbivore, speed 3, slow
metabolism 2
a: Potion Petition, Call Merchant, Bribe Branch, Renounce Religion, Evoke
Berserk Rage


Innate Abilities, Weirdness & Mutations

You are very small and have problems with some larger weapons.
You are too small for most types of armour.
You have supernaturally acute eyesight. (SInv)
You are a herbivore.
You cover ground extremely quickly.
You need consume almost no food.


   Skills:
 + Level 2.7 Fighting
 * Level 10.5 Short Blades
 - Level 3.0 Dodging
 - Level 10.0 Stealth
 - Level 5.1 Spellcasting
 + Level 7.7 Hexes


You had 7 spell levels left.
You knew the following spells:

 Your Spells              Type           Power        Failure   Level  Hunger
a - Tukima's Dance        Hex            ####....     1%          3    ##.....
b - Ensorcelled Hibernat  Hex/Ice        ###...       3%          2    #......
c - Confuse               Hex            ####....     1%          3    ##.....
d - Dazzling Spray        Conj/Hex       ###...       8%          3    ##.....

Skill      XL: |  1  2  3  4  5  6  7  8  9 |
---------------+----------------------------+-----
Short Blades   | 2 3 4 6 7 9 10 | 10.5
Spellcasting   | 3 4 5 |  5.1
Stealth        | 5 6 7 8 10 | 10.0
Hexes          | 4 6 7 |  7.7
Fighting       | 2 |  2.7
Dodging        | |  3.0

Action                   |  1- 3 |  4- 6 |  7- 9 || total
-------------------------+-------+-------+-------++-------
Melee: Dagger            |   184 |     2 |       ||   186
       Short sword       |       |   146 |   392 ||   538
 Cast: Corona            |     4 |       |       ||     4
       Ensorcelled Hiber |    22 |    40 |    90 ||   152
       Confuse           |       |     3 |    34 ||    37
       Tukima's Dance    |       |       |     2 ||     2
       Dazzling Spray    |       |       |     4 ||     4
  Use: Scroll            |     3 |     8 |     9 ||    20
 Stab: Sleeping          |    17 |    20 |    44 ||    81
       Confused          |       |     2 |    17 ||    19
       Distracted        |       |     2 |     1 ||     3
       Invisible         |       |       |     2 ||     2
  Eat: Ration            |       |     2 |     5 ||     7
Armor: Robe              |    21 |     8 |    17 ||    46
Dodge: Dodged            |   173 |    90 |   157 ||   420

Inventory:

Hand Weapons
 a - a +1 dagger
 g - a +3 short sword of speed (weapon)
   (You took it off Terence on level 2 of the Dungeon)
 p - a +0 dagger of protection
   (You took it off a kobold on level 2 of the Dungeon)
 D - a cursed -2 rapier
   (You took it off Eustachio on level 5 of the Dungeon)
Missiles
 l - a throwing net (quivered)
Armour
 k - a +0 robe of resistance (worn) {0}
   (You took it off Jessica on level 3 of the Dungeon)
 s - a +0 cloak (worn)
   (You took it off Crazy Yiuf on level 3 of the Dungeon)
 C - a +0 buckler
   (You took it off a crimson imp on level 6 of the Dungeon)
Jewellery
 E - an amulet of rage (around neck) {+Rage}
   (You found it on level 1 of the Dungeon)
Wands
 o - a wand of enslavement (18)
   (You found it on level 4 of the Dungeon)
 x - a wand of polymorph (12)
   (You found it on level 4 of the Dungeon)
 z - a wand of flame (27)
   (You took it off Duvessa on level 6 of the Dungeon)
Scrolls
 b - 2 scrolls of blinking
 f - a scroll of fog
 h - 2 scrolls of amnesia
 r - a scroll of identify
 t - 3 scrolls of teleportation {!r}
 u - 3 scrolls of remove curse
Potions
 i - a potion of flight
 j - 2 potions of lignification
 m - a potion of haste {unknown}
 n - 2 potions of berserk rage
 q - 5 potions of heal wounds
 v - a potion of magic {unknown}
 w - 2 potions of curing
 y - a potion of ambrosia {unknown}
 B - a potion of resistance {unknown}
Books
 c - a book of Maledictions
 A - a book of Conjurations
   (You found it on level 6 of the Dungeon)
Comestibles
 e - 11 rations


You were on level 8 of the Dungeon.
You worshipped Gozag.
Gozag was most pleased with you.
You were not hungry.

You visited 1 branch of the dungeon, and saw 8 of its levels.
You also visited: Sewer.

You collected 1158 gold pieces.
You paid 63 gold pieces to Gozag.

Dungeon Overview and Level Annotations

Branches:
Dungeon (8/15)             Temple (0/1) D:6
   Lair: D:8-11

Altars:
Dithmenos
Fedhas
Gozag
Kikubaaqudgha
Okawaru
Wu Jian
Zin

#...#............#
#...#............#
#...#.............
#.).#.............#
#...#.............#
#...#.............#
#...#......##+##...
#...#......#
#$o.@....W.. ####
##$###O......
#....#..........i.
#..........######.
#.....≈....'...
...≈≈≈.........
...≈_≈≈....#...
...≈≈≈.....#...
?..≈≈.≈...h'...


You could see a two-headed ogre, a hungry ghost, a spriggan baker and an orc.

Notes
Turn   | Place    | Note
-------+----------+-------------------------------------------
     0 | D:1      | theanonym the Spriggan Enchanter began the quest for the Orb.
     0 | D:1      | Reached XP level 1. HP: 9/9 MP: 5/5
   383 | D:1      | Reached XP level 2. HP: 12/13 MP: 6/6
   390 | D:1      | Learned a level 2 spell: Ensorcelled Hibernation
   547 | D:1      | Reached skill level 2 in Short Blades
   547 | D:1      | Reached skill level 3 in Spellcasting
   816 | D:1      | HP: 6/13 [jackal (2)]
  1328 | D:2      | Reached XP level 3. HP: 16/16 MP: 8/8
  1341 | D:2      | Learned a level 3 spell: Confuse
  1344 | D:2      | Noticed Robin
  1345 | D:2      | Reached skill level 5 in Stealth
  1390 | D:2      | Noticed a scorpion
  1586 | D:2      | Killed Robin
  1897 | D:2      | Reached skill level 3 in Short Blades
  2191 | D:2      | Reached XP level 4. HP: 18/21 MP: 1/10
  2279 | D:2      | Noticed Terence
  2287 | D:2      | Killed Terence
  2417 | D:2      | Reached skill level 4 in Spellcasting
  2417 | D:2      | Reached XP level 5. HP: 24/24 MP: 0/12
  2553 | D:3      | Noticed Jessica
  2588 | D:3      | Reached skill level 4 in Short Blades
  2615 | D:3      | HP: 12/24 [poisoned by an adder]
  2617 | D:3      | Found a faded altar of an unknown god.
  2638 | D:3      | Killed Jessica
  2638 | D:3      | Reached skill level 6 in Stealth
  2685 | D:3      | HP: 12/24 [orc/dagger (4)]
  2886 | D:3      | Found a glowing drain.
  2895 | Sewer    | Entered a sewer
  3031 | Sewer    | Reached XP level 6. HP: 28/28 MP: 0/13
  3130 | Sewer    | Learned a level 3 spell: Tukima's Dance
  3183 | Sewer    | HP: 12/28 [river rat (7)]
  3439 | Sewer    | Reached skill level 5 in Short Blades
  3648 | Sewer    | HP: 14/28 [river rat (4)]
  3853 | Sewer    | Reached skill level 7 in Stealth
  3873 | Sewer    | Reached skill level 5 in Spellcasting
  4083 | D:3      | Found an opulent altar of Gozag.
  4083 | D:3      | Found an iron altar of Okawaru.
  4090 | D:3      | Found an ancient bone altar of Kikubaaqudgha.
  4092 | D:3      | Found a shadowy altar of Dithmenos.
  4094 | D:3      | Found an ornate altar of the Wu Jian Council.
  4106 | D:3      | Became a worshipper of Gozag Ym Sagoz the Greedy
  4194 | D:3      | Reached skill level 6 in Short Blades
  4194 | D:3      | Reached XP level 7. HP: 32/32 MP: 6/15
  4432 | D:3      | Found a runed door.
  4521 | D:3      | Reached skill level 4 in Hexes
  4779 | D:3      | Noticed Crazy Yiuf
  4783 | D:3      | Killed Crazy Yiuf
  5121 | D:4      | Reached skill level 8 in Stealth
  5543 | D:4      | Reached skill level 7 in Short Blades
  5780 | D:4      | You fall through a shaft!
  5780 | D:5      | Entered Level 5 of the Dungeon
  5879 | D:5      | Noticed Grinder
  5882 | D:5      | Paralysed by Grinder for 5 turns
  6035 | D:5      | Reached XP level 8. HP: 35/36 MP: 9/16
  6072 | D:5      | Reached skill level 5 in Hexes
  6554 | D:5      | Found a glowing silver altar of Zin.
  6570 | D:5      | Paralysed by Grinder for 6 turns
  6573 | D:5      | HP: 14/36 [Grinder (5)]
  6585 | D:5      | Killed Grinder
  6585 | D:5      | Reached skill level 9 in Stealth
  6940 | D:5      | Reached skill level 8 in Short Blades
  7147 | D:5      | Noticed Eustachio
  7155 | D:5      | Killed Eustachio
  7330 | D:6      | Reached skill level 6 in Hexes
  7604 | D:6      | Noticed Dowan
  7606 | D:6      | Noticed Duvessa
  7774 | D:6      | Learned a level 3 spell: Dazzling Spray
  7836 | D:6      | Reached skill level 9 in Short Blades
  7836 | D:6      | Reached skill level 10 in Stealth
  7967 | D:6      | Killed Duvessa
  7967 | D:6      | Reached XP level 9. HP: 30/40 MP: 8/17
  8181 | D:5      | Killed Dowan
  8363 | D:6      | Reached skill level 1 in Fighting
  8528 | D:6      | Found a staircase to the Ecumenical Temple.
  9184 | D:7      | Reached skill level 7 in Hexes
  9270 | D:7      | HP: 10/41 [orc warrior/trident (15)]
  9731 | D:7      | Reached skill level 2 in Fighting
  9731 | D:7      | Reached skill level 10 in Short Blades
 10193 | D:8      | Found a blossoming altar of Fedhas.
 10385 | D:8      | Noticed a two-headed ogre
 10387 | D:8      | HP: 17/43 [two-headed ogre/giant club (26)]
 10387 | D:8      | Slain by a two-headed ogre

Vanquished Creatures
  Grinder (D:5)
  Eustachio (D:5)
  Duvessa (D:6)
  3 orc warriors
  2 ogres
  A phantom (D:6)
  2 sky beasts (D:7)
  A centaur (D:6)
  3 big kobolds (Sewer)
  Dowan (D:5)
  2 bullfrogs (D:7)
  A scorpion (D:2)
  5 wights
  4 crimson imps
  2 howler monkeys
  2 bullfrog zombies
  Crazy Yiuf (D:3)
  2 orc priests
  6 hounds
  4 orc wizards
  2 bullfrog skeletons
  Jessica (D:3)
  A gnoll shaman (D:6)
  Terence (D:2)
  2 iguanas
  2 worker ants
  A killer bee zombie (D:7)
  A hound zombie (D:5)
  Robin (D:2)
  11 gnolls
  11 adders
  3 river rats
  2 shadow imps (D:5)
  An ooze (Sewer)
  5 worms
  6 leopard geckos
  28 orcs
  3 ball pythons (D:3)
  9 bats
  5 giant cockroaches
  13 goblins
  5 hobgoblins
  4 jackals (D:1)
  4 quokkas
  4 frilled lizards
  A giant cockroach zombie (D:5)
  A jackal skeleton (D:5)
  7 kobolds
  12 rats
192 creatures vanquished.

Vanquished Creatures (others)
  A dancing weapon (D:5)
1 creature vanquished.

Grand Total: 193 creatures vanquished

Table legend:
 A = Turns spent in this place as a percentage of turns spent in the entire game.
 B = Non-inter-level travel turns spent in this place as a percentage of non-inter-level travel turns spent in the entire game.
 C = Inter-level travel turns spent in this place as a percentage of turns spent in this place.
 D = Turns resting spent in this place as a percentage of non-inter-level travel turns spent in this place.
 E = Turns spent auto-exploring this place as a percentage of non-inter-level travel turns spent in this place.
 F = Non-inter-level travel turns spent in this place divided by the number of levels of this place that you've seen.
                   A       B       C       D       E      F
               +-------+-------+-------+-------+-------+----------------------
         Total | 100.0 | 100.0 |   3.6 |  42.8 |  33.6 | 1112.9
       Dungeon |  89.2 |  88.8 |   4.0 |  40.1 |  35.9 | 1111.4
         Sewer |  10.8 |  11.2 |   0.0 |  64.4 |  14.9 | 1125.0
               +-------+-------+-------+-------+-------+----------------------
